 Dungeon Crawl Stone Soup version 0.32-a0-995-gb4a59205af (webtiles) character file.

Game seed: 7825322807424439112

39 protoss039 the Digger (level 3, 26/26 HPs)
             Began as a Demonspawn Earth Elementalist on Apr 22, 2024.
             Got out of the dungeon alive.
             The game lasted 00:01:25 (1626 turns).

protoss039 the Digger (DsEE)                        Turns: 1626, Time: 00:01:26

Health: 26/26      AC:  7    Str:  8    XL:     3   Next: 28%
Magic:  6/6        EV: 11    Int: 17    God:
Gold:   22         SH:  0    Dex: 13    Spells: 6/7 levels left

rFire   . . .        c - +1 short sword (venom)
rCold   . . .        (no shield)
rNeg    . . .        a - +0 robe
rPois   .            (no helmet)
rElec   .            (no cloak)
rCorr   .            i - +2 pair of gloves
SInv    .            (no boots)
Will    .....        (no amulet)
Stlth   ++           e - ring of flight
HPRegen 0.24/turn    (no ring)
MPRegen 0.10/turn

%: no passive effects
@: flying
A: molten scales 1, spiny 1
a: no special abilities


You escaped.
You visited 1 branch of the dungeon, and saw 2 of its levels.

You collected 22 gold pieces.

Inventory:

Hand Weapons
 c - a +1 short sword of venom (weapon)
Armour
 a - a +0 robe (worn)
 i - a +2 pair of gloves (worn)
Jewellery
 e - a ring of flight (left hand)
Scrolls
 j - a scroll of identify {unknown}
 k - a scroll of enchant weapon {unknown}
Potions
 b - a potion of magic
 d - 2 potions of curing {unknown}
 f - a potion of mutation {unknown}
 g - a potion of berserk rage {unknown}
 h - a potion of brilliance {unknown}


   Skills:
 + Level 1.5 Fighting
 - Level 1.7 Dodging
 - Level 1.7 Stealth
 + Level 2.5 Spellcasting
 - Level 1.0 Conjurations
 + Level 3.1 Earth Magic


You had 6 spell levels left.
You knew the following spells:

 Your Spells              Type           Power      Damage    Failure   Level
a - Sandblast             Erth           26%        2d8       4%          1

Your spell library contained the following spells:

 Spells                   Type           Power      Damage    Failure   Level
 Passwall                 Erth           13%        N/A       14%         3
 Stone Arrow              Conj/Erth      18%        3d8       24%         3
 Brom's Barrelling Bould  Conj/Erth      9%         2d3       61%         4
 Petrify                  Alch/Erth      7%         N/A       67%         4


Dungeon Overview and Level Annotations

Branches:
Dungeon (2/15) Zot: 10365

Altars:
Okawaru


Innate Abilities, Weirdness & Mutations

You are partially covered in molten scales. (AC +2)
You are partially covered in sharp spines.


Message History

You feel clever. x2; Your demonic ancestry asserts itself...
Sharp spines emerge from parts of your body.
Unknown command.
Casting: Sandblast (safe; 4% risk of failure)
Confirm with . or Enter, or press ? or * to list all spells.
Aiming: Sandblast (safe; 4% risk of failure)
Press: ? - help, Shift-Dir - straight line, f - bat
Aim: a bat (73% to hit)
The blast of sand hits the bat!
You kill the bat!
You feel sick.
Unknown command.
No target in view!
You feel sick.
You feel sick.
You are no longer poisoned.
HP restored.
A hobgoblin comes into view.
A hobgoblin is nearby!
You strike the helpless hobgoblin from behind!
You hit the hobgoblin.
The hobgoblin is poisoned.
The hobgoblin is moderately wounded.
The hobgoblin hits you but does no damage.
You hit the hobgoblin but do no damage.
The hobgoblin looks as sick as possible!
The hobgoblin is moderately wounded.
The hobgoblin hits you but does no damage.
You hit the hobgoblin.
You kill the hobgoblin!
No target in view!
Things that are here:
a +0 robe; a hobgoblin corpse
There is a stone staircase leading up here.
You fly upwards.
There is a stone staircase leading down here.
There is a faded altar of an unknown god here.
You reach down and open the door.
There is an open door here.
There is a staircase leading out of the dungeon here.
You have escaped!

#.....# #.
#######.....###########
#.
#.....................#
#.
##.####......##+#+##.##
#. #.# ######.#.....#.#
#. #.# #.'.....#.# #.
#.# #.#..ß..#.# ##. #.#
#.'.....#.# #.. #.#
#.#..@..#.# #.. #.#
#.#######.# #.. #.# ###
### #^. #.# #.. #.# #..
#.# #.. #.# #.. #.# #..
#.# ###


There were no monsters in sight!

Vanquished Creatures
  2 adders (D:2)
  3 endoplasms
  2 hobgoblins
  3 kobolds (D:1)
  A quokka (D:1)
  3 ball pythons (D:1)
  4 bats
  A frilled lizard (D:1)
  4 rats
23 creatures vanquished.

Notes
Turn   | Place    | Note
-------+----------+-------------------------------------------
     0 | D:1      | protoss039 the Demonspawn Earth Elementalist began the
                  | quest for the Orb.
     0 | D:1      | Reached XP level 1. HP: 13/13 MP: 3/3
   241 | D:1      | Found a faded altar of an unknown god.
   624 | D:1      | Gained mutation: You are partially covered in molten
                  | scales. (AC +2) [demonic ancestry]
   624 | D:1      | Reached XP level 2. HP: 20/20 MP: 5/5
  1305 | D:2      | Reached skill level 1 in Fighting
  1305 | D:2      | Reached skill level 3 in Earth Magic
  1427 | D:2      | Found an iron altar of Okawaru.
  1477 | D:2      | Gained mutation: You are partially covered in sharp spines.
                  | [demonic ancestry]
  1477 | D:2      | Reached XP level 3. HP: 21/26 MP: 2/6
  1626 | D:$      | Got out of the dungeon alive.

Illustrated notes

Levels and vault maps discovered:
D:1:      minmay_arrival_solitary_statue, layout_basic,
          shapermc_ecumenical_altar_gd
D:2:      layout_rooms, basic_altar, serial_bayou_pond_e, uniq_jessica

Skill      XL: |  1  2 |
---------------+-------+-----
Fighting       | 1 |  1.5
Earth Magic    | 3 |  3.1
Dodging        | |  1.7
Stealth        | |  1.7
Spellcasting   | |  2.5
Conjurations   | |  1.0

Action                     || total
---------------------------++-------
  Melee: Short sword       ||    42
   Cast: Sandblast         ||    19
   Stab: Distracted        ||     1
 Armour: Robe              ||    26
  Dodge: Dodged            ||    25

Table legend: (Time is in decaauts)
 A = Elapsed time spent in this place.
 B = Non-inter-level travel time spent in this place.
 C = Inter-level travel time spent in this place.
 D = Time resting spent in this place.
 E = Time spent auto-exploring this place.
 F = Levels seen in this place.
 G = Mean time per level.
                   A        B        C        D        E       F      G
               +--------+--------+--------+--------+--------+-----+--------+
         Total |   1634 |   1235 |    399 |      0 |   1058 |   2 |  817.0 |
       Dungeon |   1634 |   1235 |    399 |      0 |   1058 |   2 |  817.0 |
               +--------+--------+--------+--------+--------+-----+--------+

Top non-repeatable levels by time:
     D:1: 1389 daAuts
     D:2: 245 daAuts
